 Dungeon Crawl Stone Soup version 0.28.0 (webtiles) character file.

Game seed: 2987817475697033687

4196 issech the Basher (level 10, -4/88 HPs)
             Began as a Troll Monk on Feb 10, 2022.
             Was a Priest of Hepliaklqana.
             Slain by a hornet (5 damage)
             ... on level 9 of the Dungeon.
             The game lasted 00:27:37 (6800 turns).

issech the Basher (Troll Monk)                      Turns: 6800, Time: 00:27:39

Health: -4/88      AC: 19    Str: 21    XL:     10   Next: 8%
Magic:  9/9        EV:  2    Int: 10    God:    Hepliaklqana [***...]
Gold:   213        SH:  0    Dex: 16    Spells: 9/9 levels left

rFire   + . .      SeeInvis .   x - +0 giant spiked club
rCold   + . .      Faith    .   (shield currently unavailable)
rNeg    + . .      Spirit   .   D - +2 gold dragon scales
rPois   +          Reflect  .   (helmet restricted)
rElec   +          Harm     .   r - +0 cloak of the Bulwark {rElec rPois Will+ Int+4}
rCorr   .          Rampage  .   (gloves unavailable)
Will    +....                   (boots unavailable)
Stlth   ..........              (no amulet)
HPRegen 1.04/turn               z - ring of positive energy
MPRegen 0.11/turn               (no ring)

@: mighty
A: reduced essence, large, unfitting armour, claws 3, regeneration 1, shaggy fur
1, tough skin 1
a: Renounce Religion, Recall Ancestor, Ancestor Identity, Transference


You were on level 9 of the Dungeon.
You worshipped Hepliaklqana.
Hepliaklqana was most pleased with you.
You visited 2 branches of the dungeon, and saw 10 of its levels.

You collected 1437 gold pieces.
You spent 1224 gold pieces at shops.

Inventory:

Hand Weapons
 a - a +0 mace
 t - a +0 double sword
 x - a +0 giant spiked club (weapon)
 M - a +0 hand crossbow
Missiles
 f - 100 arrows
 h - 241 stones (quivered)
 j - 19 sling bullets
 k - 2 datura-tipped darts
 m - 2 javelins
 n - 26 poisoned darts
 p - 136 bolts
Armour
 b - a +1 robe
 r - the +0 cloak of the Bulwark (worn) {rElec rPois Will+ Int+4}
   (You found it on level 3 of the Dungeon)

   Int:       It affects your intelligence (+4).
   rElec:     It insulates you from electricity.
   rPois:     It protects you from poison.
   Will:      It increases your willpower.
 D - +2 gold dragon scales (worn)
Magical Staves
 y - a staff of conjuration
 C - a staff of fire
Jewellery
 z - a ring of positive energy (left claw)
Wands
 d - a wand of iceblast (18)
 G - a wand of flame (12)
Scrolls
 e - a scroll of immolation
 l - a scroll of blinking
 o - 2 scrolls of teleportation
 F - a scroll of noise
 H - a scroll of enchant weapon
 I - a scroll of fog
 L - a scroll of fear
Potions
 c - 4 potions of flight
 g - a potion of haste {unknown}
 i - 2 potions of degeneration {unknown}
 q - a potion of might
 s - 3 potions of heal wounds {unknown}
 u - a potion of mutation {unknown}
 v - 4 potions of brilliance
 w - 3 potions of curing {unknown}
 A - a potion of berserk rage {unknown}
 B - a potion of magic {unknown}
 E - a potion of ambrosia {unknown}
 J - 2 potions of invisibility
 K - a potion of cancellation


   Skills:
 + Level 5.8 Fighting
 + Level 9.6 Maces & Flails
 + Level 4.2 Armour
 + Level 5.3 Dodging
 + Level 2.4 Stealth


You had 9 spell levels left.
You didn't know any spells.
Your spell library contained the following spells:

 Spells                   Type           Power      Damage    Failure   Level
 Blink                    Tloc           0%         N/A       100%        2
 Lesser Beckoning         Tloc           0%         N/A       100%        3
 Manifold Assault         Tloc           0%         N/A       100%        5


Dungeon Overview and Level Annotations

Branches:
Dungeon (9/15)             Temple (1/1) D:5
   Lair: D:8-11         Orc: D:9-12

Altars:
Ashenzari
Cheibriados
Dithmenos
Elyvilon
Fedhas
Gozag
Hepliaklqana
Kikubaaqudgha
Makhleb
Nemelex Xobeh
Okawaru
Qazlal
Ru
Sif Muna
Trog
Uskayaw
Vehumet
Wu Jian
Xom
Yredelemnul
Zin
The Shining One

Shops:
D:2 (   D:6 [   D:8 !


Innate Abilities, Weirdness & Mutations

Your life essence is reduced to manifest your ancestor. (-10% HP)
You are too large for most types of armour.
You have claws for hands.
Your natural rate of healing is unusually fast.
You are covered in fur. (AC +1)
You have tough skin. (AC +1)


Message History

You closely miss the troll.
The troll is moderately wounded.
The troll bites you! The troll claws you.
The troll claws you but does no damage.
You impale the troll!!
You kill the troll!
The bullfrog completely misses you.
You barely miss the bullfrog.
The bullfrog hits you but does no damage.
The bullfrog hits you.
You bludgeon the bullfrog!!
You kill the bullfrog!
The hornet stings you!
* * * LOW HITPOINT WARNING * * *
The gnoll sergeant hits you but does no damage.
Okay, then.
You feel very mighty all of a sudden. The hornet stings you.
* * * LOW HITPOINT WARNING * * *
The hornet stings you.
* * * LOW HITPOINT WARNING * * *
The gnoll sergeant hits you but does no damage.
You barely miss the hornet.
The hornet stings you but does no damage.
The gnoll sergeant hits you from afar with a +0 trident.
* * * LOW HITPOINT WARNING * * *
The hornet barely misses you.
You bludgeon the hornet!!
The hornet is severely wounded.
The hornet stings you but does no damage.
The gnoll sergeant hits you but does no damage.
The hornet stings you.
* * * LOW HITPOINT WARNING * * *
You closely miss the hornet.
The hornet is severely wounded.
The hornet stings you but does no damage.
The gnoll sergeant hits you from afar with a +0 trident!
* * * LOW HITPOINT WARNING * * *
The hornet stings you.
You die...

##.#.# ....##
. ..... ..
...#. ....
##.#
########..#
..........#
#####.#@#.##
.. #y#..# #.#
#g##.## ###
#) #.†.#..#
#.. .
##.###.## #.#
... #..# #.#
#.# ##.###.#
...
#..##.####.#.
#.#
##...........


You could see a hornet and a gnoll sergeant.

Vanquished Creatures
  2 trolls (D:9)
  2 yaks (D:8)
  A steam dragon (D:9)
  An orc warrior (D:8)
  An ice beast (D:4)
  2 sky beasts
  3 ogres
  5 bullfrogs
  2 kobold brigands
  A gnoll sergeant (D:8)
  A scorpion (D:4)
  A killer bee (D:9)
  A bullfrog zombie (D:5)
  An orc priest (D:3)
  3 hounds
  3 jellies (D:5)
  Natasha (thrice) (D:4)
  An iguana (D:6)
  3 orc wizards
  A hound skeleton (D:5)
  2 howler monkey zombies
  8 gnolls
  10 adders
  2 howler monkey skeletons
  2 white imps (D:7)
  An ufetubus (D:5)
  A worm (D:3)
  3 dart slugs
  13 orcs
  9 ball pythons
  8 bats
  6 endoplasms
  9 giant cockroaches
  12 goblins
  5 hobgoblins
  12 jackals
  4 quokkas
  4 frilled lizards
  7 kobolds
  7 rats
163 creatures vanquished.

Vanquished Creatures (collateral kills)
  A hornet (D:8)
  3 yaks (D:8)
  An acid dragon (D:8)
  2 water moccasins
  A gnoll sergeant (D:8)
  A bullfrog (D:8)
  2 water moccasin skeletons
  A killer bee (D:7)
  A centaur zombie (D:8)
  A gnoll shaman (D:8)
  An iguana (D:6)
  2 orc wizards
  5 gnolls (D:8)
  An adder (D:6)
  An ufetubus (D:7)
  8 orcs
  3 kobolds (D:8)
35 creatures vanquished.

Vanquished Creatures (others)
  A battlemage (D:9)
1 creature vanquished.

Grand Total: 199 creatures vanquished

Notes
Turn   | Place    | Note
-------+----------+-------------------------------------------
     0 | D:1      | issech the Troll Monk began the quest for the Orb.
     0 | D:1      | Reached XP level 1. HP: 22/22 MP: 0/0
   102 | D:1      | Reached XP level 2. HP: 28/29 MP: 1/1
   158 | D:1      | Reached skill level 3 in Maces & Flails
   588 | D:2      | Reached XP level 3. HP: 36/36 MP: 2/2
   897 | D:2      | Reached XP level 4. HP: 44/44 MP: 3/3
   943 | D:2      | Found a faded altar of an unknown god.
  1141 | D:2      | Found Zoklimni's Weapon Emporium.
  1281 | D:3      | Reached skill level 4 in Maces & Flails
  1339 | D:2      | Reached XP level 5. HP: 16/53 MP: 4/4
  1984 | D:3      | Reached XP level 6. HP: 61/61 MP: 5/5
  2073 | D:3      | Identified the +0 cloak of the Bulwark {rElec rPois Will+
                  | Int+4}
  2254 | D:4      | Noticed Natasha
  2283 | D:4      | Killed Natasha
  2380 | D:4      | Noticed Natasha
  2396 | D:4      | Killed Natasha
  2422 | D:4      | Reached skill level 5 in Maces & Flails
  2510 | D:4      | Noticed an ice beast
  2532 | D:4      | Killed an ice beast
  2533 | D:4      | Reached XP level 7. HP: 36/68 MP: 6/6
  2844 | D:4      | Noticed Natasha
  2854 | D:4      | Killed Natasha
  3383 | D:5      | Entered Level 5 of the Dungeon
  3444 | D:5      | Reached skill level 6 in Maces & Flails
  3499 | D:5      | Found a staircase to the Ecumenical Temple.
  3594 | Temple   | Entered the Ecumenical Temple
  3777 | Temple   | Became a worshipper of Hepliaklqana the Forgotten
  3777 | Temple   | Reached * piety under Hepliaklqana
  3777 | Temple   | Reached ** piety under Hepliaklqana
  3778 | Temple   | Remembered your ancestor Cuetlachtli as a battlemage
  3903 | D:5      | Reached XP level 8. HP: 70/70 MP: 7/7
  4374 | D:5      | Identified a scroll of acquirement
  4374 | D:5      | Acquired 886 gold pieces
  4384 | D:6      | Reached skill level 7 in Maces & Flails
  4384 | D:6      | Reached skill level 5 in Dodging
  4748 | D:6      | Found a radiant altar of Vehumet.
  4848 | D:6      | Found Erlang Shen's Dragon-Slaying Spoils.
  4859 | D:6      | Bought +0 gold dragon scales for 960 gold pieces
  5297 | D:7      | Reached *** piety under Hepliaklqana
  5832 | D:8      | Reached skill level 1 in Armour
  5845 | D:8      | Reached XP level 9. HP: 60/78 MP: 8/8
  5853 | D:8      | Reached skill level 8 in Maces & Flails
  5854 | D:8      | Reached skill level 5 in Fighting
  6089 | D:8      | Found Cira's Distillery.
  6203 | D:8      | Reached skill level 9 in Maces & Flails
  6216 | D:8      | Bought a potion of might for 44 gold pieces
  6235 | D:8      | Bought a potion of invisibility for 88 gold pieces
  6235 | D:8      | Bought a potion of brilliance for 44 gold pieces
  6235 | D:8      | Bought a potion of cancellation for 88 gold pieces
  6776 | D:9      | Noticed a troll
  6777 | D:9      | Noticed a troll
  6783 | D:9      | Killed a troll
  6784 | D:9      | Reached XP level 10. HP: 79/88 MP: 9/9
  6800 | D:9      | HP: 1/88 [gnoll sergeant (11)]
  6800 | D:9      | Slain by a hornet

Illustrated notes

Levels and vault maps discovered:
D:1:      minmay_arrival_nine_rooms, layout_rooms, minmay_misc_feat_enclosed,
          minmay_distorted
D:2:      layout_basic, serial_shops, nicolae_shop_trees,
          chequers_ecumenical_altar_simple
D:3:      layout_rooms, solitary_fountain, minmay_mini_jars
D:4:      minmay_wonky_spiral, layout_loops_corners, uniq_natasha
D:5:      layout_cave_pools, minmay_temple_entry_drinking_statues,
          dk_noncrumbling_2
D:6:      layout_cave_pools, mainiacjoe_overflow_brackets,
          nicolae_shop_dragon_depot
D:7:      layout_loops_cross, kennysheep_small_circle
D:8:      layout_gridville, serial_shops, nicolae_shop_window_shopping
D:9:      minmay_the_grid_triangle_9x9_rhombus_thin
          [minmay_the_grid_triangle_9x9_steps,
          minmay_the_grid_triangle_9x9_prize_special,
          minmay_the_grid_triangle_9x9_zippers_horizontal,
          minmay_the_grid_triangle_9x9_skeleton], layout_loops_corners,
          dpeg_oklobed_lair, minmay_misc_feat_nine_boxes, uniq_joseph
Temple:   mainiacjoe_temple_archimedes_tessellation

Skill      XL: |  1  2  3  4  5  6  7  8  9 |
---------------+----------------------------+-----
Maces & Flails | 3 4 5 6 7 9 |  9.6
Dodging        | 3 4 5 |  5.3
Fighting       | 3 4 5 |  5.8
Stealth        | 2 |  2.4
Armour         | 1 4 |  4.2

Action                   |  1- 3 |  4- 6 |  7- 9 | 10-12 || total
-------------------------+-------+-------+-------+-------++-------
Melee: Mace              |   124 |   258 |   132 |       ||   514
       Punch             |       |     3 |       |       ||     3
       Giant spiked club |       |       |   117 |    14 ||   131
Invok: Ancestor Life: Ba |       |       |     1 |       ||     1
  Use: Scroll            |       |     1 |    13 |       ||    14
       Potion            |       |       |       |     1 ||     1
 Stab: Sleeping          |     1 |       |     1 |       ||     2
       Distracted        |       |       |     3 |       ||     3
Armor: Robe              |    49 |   108 |    62 |       ||   219
       Gold dragon scale |       |       |   170 |    26 ||   196
Dodge: Dodged            |    82 |   170 |   106 |     7 ||   365
